 Dungeon Crawl Stone Soup version 0.27-a0-1105-g946c659c87 (webtiles) character file.

Game seed: 15698716289509487455

515 robertstho the Magician (level 7, -10/41 HPs)
             Began as a Djinni Fire Elementalist on Apr 30, 2021.
             Was a Follower of Hepliaklqana.
             Mangled by an orc warrior
             ... wielding a +0 glaive
              (24 damage)
             ... on level 5 of the Dungeon.
             The game lasted 00:07:39 (5808 turns).

robertstho the Magician (Djinni Fire Elementalist)  Turns: 5808, Time: 00:07:40

Health: -10/41     AC:  4    Str:  7    XL:     7   Next: 20%
Gold:   145        EV: 12    Int: 19    God:    Hepliaklqana [*.....] SH:  0 Dex: 13

rFire    + + .     SeeInvis .   d - +0 broad axe
rCold    . . .     Faith    .   (no shield)
rNeg     . . .     Spirit   .   a - +0 robe
rPois    ∞         Reflect  .   e - +2 hat
rElec    .         Harm     .   (no cloak)
rCorr    .         Rampage  .   (no gloves)
Will     .....                  (boots unavailable)
Stlth    +.........             (no amulet)
HPRegen  0.13/turn              h - ring of protection from cold
MPRegen  0.00/turn              (no ring)

@: confused, flying
A: reduced essence, fire resistance 2, cold vulnerability 1, float, innate
caster, hp casting, extra vitality 1
a: Renounce Religion, Recall Ancestor, Ancestor Identity


You were on level 5 of the Dungeon.
You worshipped Hepliaklqana.
Hepliaklqana was aware of your devotion.
You visited 2 branches of the dungeon, and saw 6 of its levels.

You collected 145 gold pieces.

Inventory:

Hand Weapons
 d - a +0 broad axe (weapon)
Missiles
 s - 6 atropa-tipped darts
Armour
 a - a +0 robe (worn)
 e - a +2 hat (worn)
Jewellery
 h - a ring of protection from cold (left hand)
 k - a ring of see invisible
 o - a ring of protection from fire
 q - a ring of protection from cold
Scrolls
 b - a scroll of magic mapping
 j - a scroll of teleportation
 p - 3 scrolls of identify {unknown}
 r - 2 scrolls of amnesia {unknown}
 t - a scroll of immolation {unknown}
Potions
 c - a potion of mutation {unknown}
 f - a potion of attraction {unknown}
 g - 3 potions of cancellation {unknown}
 i - 2 potions of lignification {unknown}
 l - a potion of haste {unknown}
 m - a potion of flight {unknown}
 n - a potion of heal wounds {unknown}


   Skills:
 + Level 0.5 Fighting
 + Level 2.8 Dodging
 + Level 2.5 Stealth
 + Level 5.8 Spellcasting
 * Level 2.4 Invocations


You couldn't memorise any spells.
You knew the following spells:

 Your Spells              Type           Power      Damage    Failure   Level
a - Foxfire               Conj/Fire      100%       2x1d9     1%          1
b - Conjure Flame         Conj/Fire      27%        6-21      3%          3
c - Inner Flame           Hex/Fire       27%        N/A       3%          3
d - Sticky Flame          Conj/Fire      27%        2d5       11%         4
e - Fireball              Conj/Fire      13%        3d7       28%         5
f - Corona                Hex            30%        N/A       1%          1
g - Static Discharge      Conj/Air       27%        N/A       1%          2
h - Confusing Touch       Hex            27%        N/A       3%          3
Your spell library was empty.

Dungeon Overview and Level Annotations

Branches:
Dungeon (5/15)             Temple (1/1) D:4

Altars:
Cheibriados
Dithmenos
Elyvilon
Fedhas
Hepliaklqana
Kikubaaqudgha
Nemelex Xobeh
Qazlal
Ru
Sif Muna
Trog
Uskayaw
The Shining One

Shops:
D:2 !


Innate Abilities, Weirdness & Mutations

Your life essence is reduced to manifest your ancestor. (-10% HP)
You are immune to poison.
Your flesh is very heat resistant. (rF++)
You are vulnerable to cold. (rC-)
You float through the air rather than walking.
You learn spells naturally, not from books.
Your magical power is your life essence.
You have superior vitality. (+4 HP)


Message History

Casting: Foxfire (safe; 1% risk of failure)
Press: ? - help, Q - select action, (/) - cycle Dir - look around, f - activate You conjure some foxfire!
The foxfire hits the orc.
The orc is almost dead.
The foxfire hits the orc.
You kill the orc!
The foxfire hits the orc warrior.
The orc warrior is lightly wounded.
An orc comes into view. It is wielding a +0 falchion.
An orc comes into view. It is wielding a +0 morningstar.
The orc warrior barely misses you.
Tochtli hits the orc warrior but does no damage.
The foxfire hits the orc.
The orc is lightly wounded.
Casting: Foxfire (safe; 1% risk of failure)
Press: ? - help, Q - select action, (/) - cycle Dir - look around, f - activate You conjure some foxfire!
The foxfire hits the orc wizard.
The orc wizard is heavily wounded.
The foxfire hits the orc!
You kill the orc!
The orc wizard points at you and mumbles some strange words.
You are confused.
The orc warrior hits you from afar with a +0 glaive!
Tochtli closely misses the orc.
You're too confused to cast spells.
You're too confused to cast spells.
Unknown command.
Unknown command.
You miss Tochtli.
The foxfire hits the orc.
The orc is heavily wounded.
The foxfire hits the orc warrior!
The orc warrior is moderately wounded.
The orc warrior hits you from afar with a +0 glaive!
The orc wizard hits Tochtli with a +0 dagger.
Tochtli closely misses the orc wizard.
The orc warrior hits you from afar with a +0 glaive!!
Ouch! That really hurt!
You die...

#................##
####[...............#
####...........).......#######
####.....####....................
.....##### ####################.
..#### ###....oo$.. #. ###
##8..8.o8..8. #. ###...§§.ooo)o)
#. ##.'...§@ooooo.. #. #
#.)#....§Ro{oo.. #. ##
##.)##8..8oo8..8. #. .#
#..)####....o.... #. .##
#...############# #. ..##
#.......# #. #..## #......## #.
#...# #.....## ## ##^.## ####.##
#


You could see the friendly Tochtli the ancestor, 2 orc warriors, an orc priest,
2 orc wizards and 13 orcs.

Vanquished Creatures
  An ogre (D:5)
  A phantom (D:5)
  A bullfrog zombie (D:5)
  An orc priest (D:3)
  2 orc wizards
  A gnoll (D:1)
  2 adders
  A shadow imp (D:5)
  2 worms (D:2)
  2 dart slugs (D:2)
  16 orcs
  5 endoplasms
  A giant cockroach (D:1)
  A goblin (D:1)
  3 hobgoblins
  6 jackals
  2 quokkas
  A ball python (D:2)
  2 bats
  4 frilled lizards (D:1)
  8 kobolds
  5 rats
68 creatures vanquished.

Vanquished Creatures (collateral kills)
  A necrophage (D:5)
  A bullfrog skeleton (D:5)
  An adder (D:4)
3 creatures vanquished.

Vanquished Creatures (others)
  2 ancestors (D:5)
  353 foxfires
355 creatures vanquished.

Grand Total: 426 creatures vanquished

Notes
Turn   | Place    | Note
-------+----------+-------------------------------------------
     0 | D:1      | robertstho the Djinni Fire Elementalist began the quest for
                  | the Orb.
     0 | D:1      | Reached XP level 1. HP: 15/15 MP: 0/0
   470 | D:1      | Reached skill level 3 in Spellcasting
   470 | D:1      | Reached XP level 2. HP: 17/21 MP: 0/0
   836 | D:1      | Found a faded altar of an unknown god.
  1031 | D:2      | Reached XP level 3. HP: 22/25 MP: 0/0
  1031 | D:2      | Learned a level 1 spell: Corona
  1375 | D:2      | Found Rerese's Distillery.
  1931 | D:2      | Found a blossoming altar of Fedhas.
  2073 | D:2      | Reached XP level 4. HP: 28/31 MP: 0/0
  2526 | D:3      | Reached skill level 4 in Spellcasting
  2647 | D:3      | Reached XP level 5. HP: 4/35 MP: 0/0
  2647 | D:3      | Learned a level 2 spell: Static Discharge
  3695 | D:4      | Found a staircase to the Ecumenical Temple.
  3707 | Temple   | Entered the Ecumenical Temple
  3806 | Temple   | Became a worshipper of Hepliaklqana the Forgotten
  4270 | D:4      | Found a hide-covered altar of Uskayaw.
  4482 | D:5      | Entered Level 5 of the Dungeon
  4516 | D:5      | Noticed an ogre
  4541 | D:5      | Reached skill level 1 in Invocations
  4548 | D:5      | Killed an ogre
  4549 | D:5      | Reached skill level 5 in Spellcasting
  4549 | D:5      | Reached XP level 6. HP: 21/36 MP: 0/0
  4792 | D:5      | Noticed a necrophage
  4797 | D:5      | Killed a necrophage
  4896 | D:5      | Reached * piety under Hepliaklqana
  5056 | D:5      | Reached XP level 7. HP: 34/41 MP: 0/0
  5056 | D:5      | Learned a level 3 spell: Confusing Touch
  5465 | D:5      | Found a runed translucent door.
  5808 | D:5      | Mangled by an orc warrior

Illustrated notes

Levels and vault maps discovered:
D:1:      minmay_arrival_wavy_path, layout_basic,
          hellmonk_ecumenical_altar_leap_of_faith
D:2:      layout_basic, basic_altar, serial_shops, shop, grunt_decor_resistance,
          minmay_misc_feat_pillars
D:3:      layout_basic
D:4:      layout_rooms, eat_drink_and_be_merry_uskayaw,
          minmay_temple_entry_junction_2
D:5:      layout_cave_pods, lightli_church_of_beogh
Temple:   minmay_crystal_spiral_temple

Skill      XL: |  1  2  3  4  5  6 |
---------------+-------------------+-----
Spellcasting   | 3 4 5 |  5.8
Stealth        | 2 |  2.5
Invocations    | 1 2 |  2.4
Fighting       | |  0.5
Dodging        | |  2.8

Action                   |  1- 3 |  4- 6 |  7- 9 || total
-------------------------+-------+-------+-------++-------
Melee: Broad axe         |       |       |     1 ||     1
 Cast: Foxfire           |    99 |    87 |    25 ||   211
  Use: Scroll            |       |     2 |       ||     2
Armor: Robe              |     1 |     2 |       ||     3
Dodge: Dodged            |     4 |    11 |     1 ||    16

Table legend: (Time is in decaauts)
 A = Elapsed time spent in this place.
 B = Non-inter-level travel time spent in this place.
 C = Inter-level travel time spent in this place.
 D = Time resting spent in this place.
 E = Time spent auto-exploring this place.
 F = Levels seen in this place.
 G = Mean time per level.
                   A        B        C        D        E       F      G
               +--------+--------+--------+--------+--------+-----+--------+
         Total |   5805 |   5690 |    115 |    509 |   4649 |   6 |  967.5 |
       Dungeon |   5667 |   5591 |     76 |    509 |   4570 |   5 | 1133.4 |
        Temple |    137 |     99 |     38 |      0 |     79 |   1 |  137.0 |
               +--------+--------+--------+--------+--------+-----+--------+

Top non-repeatable levels by time:
     D:3: 1390 daAuts
     D:5: 1325 daAuts
     D:2: 1252 daAuts
     D:1: 1022 daAuts
     D:4: 677 daAuts
  Temple: 137 daAuts
